Unix NetHack Version 5.0.0-0 post-release - last build Jun 10 2026 00:39:30 (3ee93aec679c4c4259841fe613dc97188e26a321,branch:main).

Game began 2026-06-09 19:38:40, ended 2026-06-10 22:11:00.

Frompor, neutral female human Valkyrie

     -------       -------------     ---------
    .|.....|       |...|.......|     |.......|
   -.-...--|       |...........-------.......----        ---------
   |.......--      -.-..........................|        |.......|
   --.).....|       %|............<...........--|   -------([....|
    ----..-.|       .|..........................-----........--..|
       --..-|        |--.....................|....[...-----.--..--
        --..----------.---..................-----------   .--..--
         --................---...................%.|      --...|
          |--...------------ ---........------------  -----..----
   ----- --...---              ----------            --..)[.....|
  --...---...--  --------                           --..---.....--
  |........---   -......--      ---------------------..-- --..|..----
  --.......|    |........|    ---........).........|(.--   -----.^..---
   ----..---    |-......--    |......................--       |.......|
      --...------..------     ---...........).....----        --.--.---
       |........%..|           |..|......^........|            |....|
       -------------           --------------------            ------
Frompor the Fighter         St:10 Dx:14 Co:16 In:8 Wi:9 Ch:8  Neutral S:12172
Dlvl:11 $:418 HP:0(71) Pw:27(27) AC:-1 Xp:9/2811 T:6473  Burdened

Latest messages:
 You see here a small mimic corpse.
 Really save? [yn] (n) y
 Saving...
 Restoring save file...
 Velkommen Frompor, the human Valkyrie, welcome back to NetHack!
 Your movements are slowed slightly because of your load.
 Your oil lamp flickers.
 What do you want to use or apply? [ersyEJLMPQ or ?*] `
 You don't have that object.
 What do you want to use or apply? [ersyEJLMPQ or ?*] ?
 Your lamp is now off.
 You see here a small mimic corpse.
 You see here a small mimic corpse.
 You find a hidden door.
 This door is locked.
 This door is locked.
 This door is locked.
 In what direction? 2
 As you kick the door, it crashes open!
 That gray stone is a small mimic!
 You hit the small mimic!
 The small mimic hits!
 You miss the small mimic.
 You hit the small mimic!
 You hit the small mimic!
 You hit the small mimic!
 You kill the small mimic!
 You have a little trouble lifting l - a green gem (3 in total).
 j - a violet gem (2 in total).
 O - a white gem (3 in total).
 You find a hidden door.
 This door is locked.
 This door is locked.
 In what direction? 8
 Thwack!!
 Whammm!!
 As you kick the door, it crashes open!
 Really step onto that arrow trap? [yn] (n) n
 You hit the spotted jelly!
 You are splashed by the spotted jelly's acid!
 You hit the spotted jelly!
 You hit the spotted jelly!
 Your spear corrodes!
 You hit the spotted jelly.
 You hit the spotted jelly!
 You are splashed by the spotted jelly's acid!
 You kill the spotted jelly!
 You are splashed by the spotted jelly's acid!
 You die...
 Do you want your possessions identified? [ynq] (y) q

Inventory:
 Coins    ('$')
  $ - 418 gold pieces
 Weapons  (')')
  Z - 6 blessed +1 daggers
  b - 4 +0 daggers (alternate weapons; not wielded)
  a - a corroded +1 spear (weapon in right hand)
 Armor    ('[')
  V - an uncursed rusty +0 pair of iron shoes (being worn)
  c - an uncursed +3 small shield (being worn)
  W - an uncursed +0 dwarvish mithril-coat (being worn)
 Comestibles  ('%')
  x - 2 uncursed cakes
  A - 2 uncursed cram rations
  G - an uncursed partly eaten food ration
  Y - an uncursed melon
  N - 2 uncursed tripe rations
 Scrolls  ('?')
  R - an uncursed scroll of amnesia
  t - an uncursed scroll of blank paper
  n - 2 uncursed scrolls of enchant armor
  p - an uncursed scroll of gold detection
  v - an uncursed scroll of magic mapping
  u - an uncursed scroll of remove curse
  z - an uncursed scroll of teleportation
  o - a cursed scroll of teleportation
 Potions  ('!')
  q - an uncursed potion of booze
  h - an uncursed potion of confusion
  C - an uncursed potion of extra healing
  g - an uncursed potion of gain energy
  B - 2 uncursed potions of healing
  w - an uncursed potion of paralysis
  i - a blessed potion of restore ability
  F - an uncursed potion of sleeping
 Rings    ('=')
  T - a cursed ring of hunger
  I - an uncursed ring of poison resistance
 Wands    ('/')
  P - a wand of magic missile (0:4)
  s - a wand of make invisible (0:4)
 Tools    ('(')
  E - an uncursed wooden flute
  L - an uncursed leash
  y - an uncursed magic whistle
  J - a blessed oil lamp
  e - an uncursed oil lamp
  r - an uncursed pair of lenses
  M - a +0 pick-axe
  Q - an uncursed tin opener
 Gems/Stones  ('*')
  j - 2 uncursed amethyst stones
  D - an uncursed chrysoberyl stone
  O - 3 uncursed diamonds
  H - an uncursed emerald
  k - 2 uncursed worthless pieces of black glass
  d - an uncursed worthless piece of blue glass
  l - 3 uncursed worthless pieces of green glass
  f - 3 uncursed worthless pieces of orange glass
  K - an uncursed worthless piece of violet glass
  m - an uncursed worthless piece of yellowish brown glass

Frompor the Valkyrie's attributes:

Background:
 You were a Fighter, a level 9 human Valkyrie.
 You were neutral, on a mission for Odin
 who was opposed by Tyr (lawful) and Loki (chaotic).
 You were right-handed.
 You were in the Gnomish Mines, on level 11.
 You entered the dungeon 6473 turns ago.
 It was nighttime.
 You had 2811 experience points, 2309 more were needed to attain level 10.
 Your score was 12172 before end-of-game adjustments.

Basics:
 You had 0 out of 71 hit points.
 You had all 27 energy points (spell power).
 Your armor class was -1.
 Your wallet contained 418 zorkmids.
 Autopickup was off.

Final Characteristics:
 Your strength was 10 (peak:18/03, limit:18/100).
 Your dexterity was 14 (peak:15, limit:18).
 Your constitution was 16 (limit:18).
 Your intelligence was 8 (limit:18).
 Your wisdom was 9 (limit:18).
 Your charisma was 8 (limit:18).

Final Status:
 You weren't hungry.
 You were burdened; movement was slightly slowed.
 You were wielding a spear.
 You had expert skill with spear.

Final Attributes:
 You were piously aligned.
 You were cold resistant.
 You were poison resistant.
 You were invisible.
 You were stealthy.
 You were guarded.
 You were fast.
 You are dead.

Miscellaneous:
 You didn't encounter any bones levels.
 Total elapsed playing time was 1 hour, 48 minutes and 59 seconds.

Major events:
 Turn
    1: Frompor the neutral human Valkyrie entered the dungeon
  883: attained the rank of Skirmisher (level 3)
 2166: entered the Gnomish Mines
 2271: attained the rank of Fighter (level 6)
 2527: reached Mine Town
 6473: killed by a spotted jelly

You didn't know any spells.

Skills:
 Fighting Skills
   bare handed combat [Unskilled]
   two weapon combat  [Unskilled]
   riding             [Unskilled]
 Weapon Skills
   dagger             [Basic]
   axe                [Unskilled]
   pick-axe           [Unskilled]
   short sword        [Unskilled]
   broadsword         [Unskilled]
   long sword         [Unskilled]
   two-handed sword   [Unskilled]
   saber              [Unskilled]
   hammer             [Unskilled]
   quarterstaff       [Unskilled]
   polearms           [Unskilled]
   spear              [Expert]
   trident            [Unskilled]
   lance              [Unskilled]
   sling              [Unskilled]
 Spellcasting Skills
   attack spells      [Unskilled]
   escape spells      [Unskilled]

Voluntary challenges:
 Character rerolling was not enabled.
 You never genocided any monsters.
 You never polymorphed an object.
 You never changed form.
 You used no wishes.
Achievements:
 You entered a shop.
 You attained the rank of Skirmisher.
 You entered the Gnomish Mines.
 You attained the rank of Fighter.
 You entered Minetown.
 You entered a temple.

 The Dungeons of Doom: levels 1 to 4
    Level 1:
    Level 2:
       A grave.
    Level 3:
       A general store, a fountain, a grave.
       Stairs down to The Gnomish Mines.
    Level 4:
       A food shop, a fountain.
 The Gnomish Mines: levels 4 to 11
    Level 4:
    Level 5:
    Level 6:
       Many shops, a temple and an altar, some fountains, a sink.
    Level 7:
    Level 8:
    Level 9:
    Level 10:
    Level 11: <- You were here.
       Final resting place for
          you, killed by a spotted jelly.


Vanquished creatures:
 an ogre tyrant
  a large mimic
  2 small mimics
  2 giant beetles
  a quivering blob
  a gremlin
  a spotted jelly
  a leprechaun
  3 giant spiders
  2 ice vortices
  a forest centaur
  2 gnome rulers
  a dwarf mummy
  4 ogres
  a lizard
  a jaguar
  a dwarf leader
  a raven
  a bugbear
  a yellow light
 15 gnome leaders
  6 gnomish wizards
  2 kobold mummies
  a gray ooze
  2 elf zombies
  a ghoul
  a straw golem
  a giant ant
  a floating eye
  a kitten
 17 dwarves
  a kobold leader
  a centipede
  a giant bat
  2 monkeys
  2 dwarf zombies
  4 iguanas
 10 killer bees
  a coyote
  2 hobbits
  4 manes
  3 hobgoblins
  2 giant rats
  a cave spider
  a brown mold
 62 gnomes
  3 geckos
  6 jackals
  2 foxes
  2 kobolds
  a goblin
  2 sewer rats
  9 grid bugs
  4 lichens
  4 newts
207 creatures vanquished.

No species were genocided or became extinct.

Game over:
                       ----------
                      /          \
                     /    REST    \
                    /      IN      \
                   /     PEACE      \
                  /                  \
                  |     Frompor      |
                  |      418 Au      |
                  |   killed by a    |
                  |  spotted jelly   |
                  |                  |
                  |                  |
                  |       2026       |
                 *|     *  *  *      | *
        _________)/\\_//(\/(/\)/\//\/|_)_______

Farvel Frompor the Valkyrie...

You died in The Gnomish Mines on dungeon level 11 with 12131 points,
and 418 pieces of gold, after 6473 moves.
You were level 9 with a maximum of 71 hit points when you died.

